 Dungeon Crawl Stone Soup version 0.28.0 (webtiles) character file.

Game seed: 5465582220912980405

200 danielguo94 the Cudgeller (level 5, 0/33 HPs)
             Began as a Gargoyle Fighter on Feb 5, 2022.
             Slain by Edmund (12 damage)
             ... on level 4 of the Dungeon.
             The game lasted 00:03:25 (2853 turns).

danielguo94 the Cudgeller (Gargoyle Fighter)        Turns: 2853, Time: 00:03:25

Health: 0/33       AC: 12    Str: 22    XL:     5   Next: 79%
Magic:  5/5        EV:  9    Int:  8    God:
Gold:   162        SH:  4    Dex:  9    Spells: 4/4 levels left

rFire   . . .      SeeInvis .   a - +0 flail
rCold   . . .      Faith    .   c - +0 buckler
rNeg    + . .      Spirit   .   b - +0 scale mail
rPois   ∞          Reflect  .   (no helmet)
rElec   +          Harm     .   (no cloak)
rCorr   .          Rampage  .   (no gloves)
Will    .....                   l - +0 pair of boots
Stlth   ..........              (no amulet)
HPRegen 0.11/turn               (no ring)
MPRegen 0.09/turn               (no ring)

@: mighty
A: sickness immunity, AC +4, negative energy resistance 1, electricity
resistance, torment resistance 1, petrification resistance
a: no special abilities


You were on level 4 of the Dungeon.
You visited 1 branch of the dungeon, and saw 4 of its levels.

You collected 162 gold pieces.

Inventory:

Hand Weapons
 a - a +0 flail (weapon)
 o - a +0 morningstar
 r - a +0 flail of draining
Missiles
 h - 33 stones (quivered)
 q - 2 boomerangs
Armour
 b - a +0 scale mail (worn)
 c - a +0 buckler (worn)
 l - a +0 pair of boots (worn)
Wands
 s - a wand of polymorph (3)
Scrolls
 e - a scroll of teleportation
 i - a scroll of fog
 j - a scroll of enchant weapon
 k - a scroll of immolation {unknown}
Potions
 d - 3 potions of might
 f - 2 potions of haste {unknown}
 g - a potion of degeneration {unknown}
 m - a potion of magic {unknown}
 n - 2 potions of curing {unknown}
 p - a potion of lignification {unknown}


   Skills:
 + Level 4.0 Fighting
 * Level 4.6 Maces & Flails
 + Level 4.0 Armour
 + Level 0.4 Dodging
 + Level 3.6 Shields


You had 4 spell levels left.
You didn't know any spells.
Your spell library was empty.

Dungeon Overview and Level Annotations

Branches:
Dungeon (4/15)
 Temple: D:4-7

Altars:
Okawaru

Shops:
D:2 :

Portals:
Ossuary: D:4

Annotations:
D:4 Edmund


Innate Abilities, Weirdness & Mutations

You are immune to sickness and miasma.
Your stone body is resilient. (AC +4)
You are immune to poison.
You resist negative energy. (rN+)
You are resistant to electric shocks. (rElec)
You are resistant to unholy torment.
You are immune to petrification.


Message History

Found 13 sling bullets.
A hound skeleton comes into view.
A hound skeleton is nearby!
A hound skeleton is nearby!
You thump the hound skeleton!
The hound skeleton is severely damaged.
The hound skeleton bites you but does no damage. x2
You thump the hound skeleton!
You destroy the hound skeleton!
No target in view!
No target in view!
Found a leather armour.
You now have 162 gold pieces (gained 8).
You see here a +0 leather armour.
Found a flail.
You see here a +0 flail.
Found an escape hatch in the floor.
Edmund the Younger comes into view.
He is wielding a +2 dire flail of protection.
You hear the hiss of a very distant avalanche of sand.
Edmund shouts!
Edmund is nearby!
You feel very mighty all of a sudden.
You closely miss Edmund. You block Edmund's attack.
You closely miss Edmund. Edmund closely misses you.
You thump Edmund!
Edmund is lightly wounded.
Edmund hits you with a +2 dire flail of protection! x2
Unknown command.
Unknown command.
You are too injured to fight recklessly!
Unknown command.
You are too injured to fight recklessly!
Unknown command.
You are too injured to fight recklessly!
Unknown command.
You are too injured to fight recklessly!
You hit Edmund but do no damage.
Edmund is lightly wounded.
Edmund hits you with a +2 dire flail of protection!
You die...

.# #....# ..# .#
#.#..# ..# .#
####.#..###..# .#
..........#>.# .#
.####...#..#######
.. ##............#
...
..........#..#.#
###
###..#......#..#
.....##@..#...#
.##... #@.#..#.#
..... .$#.....#
.#.#.#.#....... #.
.. .##.... #.. .#
.... .#. .. ..#
##.. .. .#


You could see Edmund.

Vanquished Creatures
  An orc priest (D:3)
  An iguana (D:3)
  A hound skeleton (D:4)
  5 adders
  An ufetubus (D:4)
  A worm (D:2)
  2 dart slugs
  7 orcs (D:3)
  5 endoplasms
  5 giant cockroaches
  2 goblins (D:3)
  8 hobgoblins
  A jackal (D:3)
  4 quokkas
  3 ball pythons
  3 bats
  11 frilled lizards
  2 kobolds
  10 rats
73 creatures vanquished.

Notes
Turn   | Place    | Note
-------+----------+-------------------------------------------
     0 | D:1      | danielguo94 the Gargoyle Fighter began the quest for the
                  | Orb.
     0 | D:1      | Reached XP level 1. HP: 14/14 MP: 1/1
   164 | D:1      | Reached XP level 2. HP: 18/19 MP: 2/2
   928 | D:2      | Reached XP level 3. HP: 16/23 MP: 3/3
  1097 | D:2      | Found an iron altar of Okawaru.
  1311 | D:2      | Found Bowad's Book Boutique.
  1575 | D:2      | Reached XP level 4. HP: 25/29 MP: 4/4
  2155 | D:3      | Reached XP level 5. HP: 33/33 MP: 5/5
  2475 | D:3      | Found a faded altar of an unknown god.
  2715 | D:4      | Found a sand-covered staircase.
  2846 | D:4      | Noticed Edmund
  2853 | D:4      | Slain by Edmund

Illustrated notes

Levels and vault maps discovered:
D:1:      minmay_arrival_solitary_statue, layout_basic,
          minmay_misc_feat_nine_boxes, chequers_serial_rivers_micro_d,
          minivault_5, minmay_lizard_pond
D:2:      layout_loops_ring, serial_shops, nicolae_shop_crystal, basic_altar,
          minmay_misc_feat_tiny, minmay_door_square
D:3:      cheibrodos_old_hovel, layout_rooms, chequers_ecumenical_altar_island
D:4:      layout_basic, lemuel_blue_sif_altar, enter_ossuary_2,
          hangedman_decor_opposing, minmay_quantized, uniq_edmund

Skill      XL: |  1  2  3  4  5 |
---------------+----------------+-----
Maces & Flails | 3 4 |  4.6
Armour         | 4 |  4.0
Fighting       | 4 |  4.0
Dodging        | |  0.4
Shields        | |  3.6

Action                   |  1- 3 |  4- 6 || total
-------------------------+-------+-------++-------
Melee: Flail             |   118 |   121 ||   239
  Use: Scroll            |     4 |     1 ||     5
       Potion            |       |     1 ||     1
Armor: Scale mail        |    50 |    65 ||   115
Dodge: Dodged            |    53 |    49 ||   102
Block: Buckler           |    15 |    24 ||    39
